 Dungeon Crawl Stone Soup version 0.29-a0-268-g5627465c62 (webtiles) character file.

Game seed: 10138884419180952538

359 krepi the Chopper (level 6, -2/55 HPs)
             Began as a Minotaur Fighter on Mar 7, 2022.
             Was a Believer of Okawaru.
             Slain by Pikel
             ... wielding a +1 whip of freezing
              (7 damage)
             ... on level 4 of the Dungeon.
             The game lasted 00:09:41 (3544 turns).

krepi the Chopper (Minotaur Fighter)                Turns: 3544, Time: 00:09:41

Health: -2/55      AC: 11    Str: 23    XL:     6   Next: 37%
Magic:  5/5        EV:  8    Int:  5    God:    Okawaru [**....]
Gold:   244        SH:  4    Dex:  9    Spells: 5/5 levels left

rFire   . . .      SeeInvis .   a - +0 war axe
rCold   . . .      Faith    .   c - +0 buckler
rNeg    . . .      Spirit   .   t - +0 chain mail
rPois   .          Reflect  .   (helmet restricted)
rElec   .          Harm     .   (no cloak)
rCorr   .          Rampage  .   (no gloves)
Will    .....                   j - +0 pair of boots
Stlth   ..........              (no amulet)
HPRegen 0.18/turn               (no ring)
MPRegen 0.09/turn               (no ring)

@: no status effects
A: horns 2, retaliatory headbutt
a: Renounce Religion, Heroism


You were on level 4 of the Dungeon.
You worshipped Okawaru.
Okawaru was pleased with you.
You visited 1 branch of the dungeon, and saw 4 of its levels.

You collected 244 gold pieces.

Inventory:

Hand Weapons
 a - a +0 war axe (weapon)
 p - a +1 flail of protection
Missiles
 s - 2 throwing nets (quivered)
Armour
 b - a +0 scale mail
 c - a +0 buckler (worn)
 j - a +0 pair of boots (worn)
 t - a +0 chain mail (worn)
Jewellery
 k - a ring of wizardry
 y - an amulet of guardian spirit
Wands
 l - a wand of iceblast (12)
 x - a wand of paralysis (9)
Scrolls
 e - a scroll of enchant weapon {unknown}
 f - 2 scrolls of amnesia {unknown}
 g - a scroll of fog {unknown}
 h - 2 scrolls of enchant armour {unknown}
 m - a scroll of identify {unknown}
 q - a scroll of teleportation {unknown}
 v - a scroll of vulnerability {unknown}
Potions
 d - a potion of might
 i - a potion of degeneration {unknown}
 n - a potion of mutation {unknown}
 o - 3 potions of heal wounds {unknown}
 r - a potion of invisibility {unknown}
 u - a potion of brilliance {unknown}
 w - a potion of magic {unknown}


   Skills:
 + Level 4.9 Fighting
 + Level 5.5 Axes
 + Level 5.0 Armour
 + Level 1.6 Dodging
 + Level 0.2 Stealth
 + Level 4.5 Shields


You had 5 spell levels left.
You didn't know any spells.
Your spell library contained the following spells:

 Spells                   Type           Power      Damage    Failure   Level
 Conjure Flame            Conj/Fire      0%         6-21      100%        3
 Ignite Poison            Fire/Tmut/Pois 0%         N/A       100%        3
 Sticky Flame             Conj/Fire      0%         2d3       100%        4


Dungeon Overview and Level Annotations

Branches:
Dungeon (4/15)             Temple (0/1) D:4

Altars:
Okawaru

Shops:
D:1 !

Annotations:
D:4 Pikel


Innate Abilities, Weirdness & Mutations

You have a pair of horns on your head.
You reflexively headbutt those who attack you in melee.


Message History

Pikel freezes you.
You miss the lemure.
The lemure is almost dead.
You hit the lemure. x2; You barely miss Pikel.
Pikel closely misses you.
A hobgoblin comes into view.
The lemure barely misses you. The lemure hits you. x2
The hobgoblin shouts!
You slash the lemure!
You kill the lemure!
That felt strangely unrewarding.
You closely miss the lemure. You miss the lemure. You hit Pikel.
Pikel barely misses you. The lemure hits you.
The lemure hits you but does no damage.
You are too injured to fight recklessly!
You are too injured to fight recklessly!
Unknown command.
You slash Pikel!
Pikel is moderately wounded.
You hit the lemure. You slash the lemure!
Pikel hits you with a +1 whip of freezing.
Pikel freezes you. The lemure completely misses you.
The lemure barely misses you.
Pikel hits you with a +1 whip of freezing.
* * * LOW HITPOINT WARNING * * *
Pikel freezes you.
* * * LOW HITPOINT WARNING * * *
The lemure completely misses you. The lemure attacks as you move away!
The lemure hits you!
* * * LOW HITPOINT WARNING * * *
Pikel attacks as you move away! You block Pikel's attack.
The lemure barely misses you. Pikel attacks as you move away!
Pikel barely misses you. You furiously retaliate!
You headbutt Pikel! The lemure hits you.
* * * LOW HITPOINT WARNING * * *
The lemure attacks as you move away! The lemure hits you but does no damage.
Pikel waves his whip at you.
You see here a +0 shortbow.
Pikel attacks as you move away! Pikel hits you but does no damage.
Pikel attacks as you move away!
Pikel hits you with a +1 whip of freezing!
You die...

#...............###..
#.#########5.#...#...
#.# ##....#.....# #.#
#..#####.>.# #.#
##.55.#..... . ###.#
#.g.#...#.. .. #...#
#.).5..## . ... #.###
#...K.#.# ... #.####
#...@...# ..# #....#
#.......#..###.
####.#
#####...)...... #.#
#.#..#####> #.#
#.#..... #.#
#.#.#..#.# #.#
#.#.#..# #.# #.#.#..#
#.# #.#.# .#


You could see Pikel, 3 lemures and a hobgoblin.

Vanquished Creatures
  A black bear (D:4)
  A centaur (D:4)
  A lemure (D:4)
  3 iguanas (D:4)
  3 adders
  An ufetubus (D:3)
  2 dart slugs
  4 orcs (D:3)
  8 ball pythons
  6 endoplasms
  2 giant cockroaches
  5 goblins
  3 hobgoblins
  6 jackals (D:2)
  3 quokkas
  12 bats
  2 frilled lizards
  10 kobolds
  5 rats (D:1)
78 creatures vanquished.

Notes
Turn   | Place    | Note
-------+----------+-------------------------------------------
     0 | D:1      | krepi the Minotaur Fighter began the quest for the Orb.
     0 | D:1      | Reached XP level 1. HP: 19/19 MP: 0/0
    71 | D:1      | Reached XP level 2. HP: 11/27 MP: 1/1
   275 | D:1      | Found a faded altar of an unknown god.
   384 | D:1      | Prayed at the altar of an unknown god.
   384 | D:1      | Became a worshipper of Warmaster Okawaru
   384 | D:1      | Reached * piety under Okawaru
   421 | D:1      | Found Koam's Distillery.
  1209 | D:2      | Reached XP level 3. HP: 29/33 MP: 2/2
  1464 | D:2      | Reached skill level 1 in Dodging
  1719 | D:2      | Reached XP level 4. HP: 41/41 MP: 3/3
  2967 | D:4      | Reached XP level 5. HP: 45/47 MP: 4/4
  2995 | D:4      | Noticed a black bear
  3004 | D:4      | Killed a black bear
  3298 | D:4      | Reached skill level 5 in Axes
  3348 | D:4      | Reached ** piety under Okawaru
  3349 | D:4      | Reached XP level 6. HP: 43/55 MP: 5/5
  3441 | D:4      | Found a staircase to the Ecumenical Temple.
  3448 | D:4      | Reached skill level 5 in Armour
  3525 | D:4      | Noticed Pikel
  3544 | D:4      | Slain by Pikel

Illustrated notes

Levels and vault maps discovered:
D:1:      giann_forest_graveyard, layout_basic,
          hellmonk_ecumenical_altar_pennies_from_heaven, serial_shops,
          nicolae_square_shop
D:2:      layout_loops_ring, st_stairs_4
D:3:      layout_basic, serial_glass, glass_columns_a, glass_columns_c,
          glass_columns_c, glass_columns_b, glass_columns_b, glass_columns_c,
          glass_columns_c, glass_columns_b
D:4:      layout_basic, nemelex_xobeh_ov_fountains_minmay,
          minmay_temple_entry_arrows, minmay_strange_pillars, uniq_duvessa,
          uniq_pikel

Skill      XL: |  1  2  3  4  5  6 |
---------------+-------------------+-----
Shields        | 4 |  4.5
Fighting       | 4 |  4.9
Armour         | 4 5 |  5.0
Axes           | 3 4 5 |  5.5
Dodging        | 1 |  1.6
Stealth        | |  0.2

Action                   |  1- 3 |  4- 6 || total
-------------------------+-------+-------++-------
Melee: War axe           |   103 |    91 ||   194
       Headbutt          |    11 |    13 ||    24
Armor: Scale mail        |    57 |    13 ||    70
       Chain mail        |       |    40 ||    40
Dodge: Dodged            |    61 |    51 ||   112
Block: Buckler           |    15 |    26 ||    41

Table legend: (Time is in decaauts)
 A = Elapsed time spent in this place.
 B = Non-inter-level travel time spent in this place.
 C = Inter-level travel time spent in this place.
 D = Time resting spent in this place.
 E = Time spent auto-exploring this place.
 F = Levels seen in this place.
 G = Mean time per level.
                   A        B        C        D        E       F      G
               +--------+--------+--------+--------+--------+-----+--------+
         Total |   3621 |   3621 |      0 |      0 |   2942 |   4 |  905.2 |
       Dungeon |   3621 |   3621 |      0 |      0 |   2942 |   4 |  905.2 |
               +--------+--------+--------+--------+--------+-----+--------+

Top non-repeatable levels by time:
     D:1: 1179 daAuts
     D:2: 959 daAuts
     D:3: 884 daAuts
     D:4: 598 daAuts
